 Dungeon Crawl Stone Soup version 0.29.0-11-gd7f09526c8 (webtiles) character file.

Game seed: 8512455206818690067

7 Zeldest the Sneak (level 1, -1/22 HPs)
             Began as a Troll Delver on Sept 4, 2022.
             Was an Initiate of Okawaru.
             Slain by Sigmund
             ... wielding a +0 scythe
              (10 damage)
             ... on level 3 of the Dungeon.
             The game lasted 00:01:04 (212 turns).

Zeldest the Sneak (Troll Delver)                     Turns: 212, Time: 00:01:05

Health: -1/22      AC:  4    Str: 19    XL:     1   Next: 91%
Magic:  0/0        EV:  9    Int:  6    God:    Okawaru [......]
Gold:   10         SH:  0    Dex: 11    Spells: 0/0 levels left

rFire   . . .      SeeInvis .     - Unarmed
rCold   . . .      Faith    .   (no shield)
rNeg    . . .      Spirit   .   a - +0 robe
rPois   .          Reflect  .   (helmet restricted)
rElec   .          Harm     .   (no cloak)
rCorr   .          Rampage  .   (gloves unavailable)
Will    .....                   (boots unavailable)
Stlth   +.........              (no amulet)
HPRegen 0.87/turn               (no ring)
MPRegen 0.07/turn               (no ring)

@: confused
A: large, unfitting armour, claws 3, regeneration 1, shaggy fur 1, tough skin 1
a: Renounce Religion


You were on level 3 of the Dungeon.
You worshipped Okawaru.
Okawaru was noncommittal.
You visited 1 branch of the dungeon, and saw 3 of its levels.

You collected 10 gold pieces.

Inventory:

Armour
 a - a +0 robe (worn)
Wands
 f - a wand of digging (3)
Scrolls
 b - a scroll of fog
 c - a scroll of immolation {unknown}
 d - a scroll of fear
 g - a scroll of teleportation {unknown}
Potions
 e - a potion of haste
 h - a potion of flight {unknown}
 i - 2 potions of lignification {unknown}


   Skills:
 + Level 2.5 Fighting
 + Level 0.0 Throwing
 - Level 1.5 Dodging
 - Level 2.7 Stealth
 + Level 2.4 Unarmed Combat
 + Level 0.0 Invocations


You couldn't memorise any spells.
You didn't know any spells.
Your spell library was empty.

Dungeon Overview and Level Annotations

Branches:
Dungeon (5/15)
 Temple: D:4-7

Altars:
Okawaru
Xom

Annotations:
D:3 Sigmund


Innate Abilities, Weirdness & Mutations

You are too large for most types of armour.
You have claws for hands.
Your natural rate of healing is unusually fast.
You are covered in fur. (AC +1)
You have tough skin. (AC +1)


Message History

There is an open door here.
Sigmund shouts!
Sigmund says, "You will soon forget everything."
Sigmund closely misses you.
You claw Sigmund!
Sigmund is moderately wounded.
You completely miss Sigmund.
Sigmund is moderately wounded.
Sigmund hits you but does no damage.
You closely miss Sigmund.
Sigmund is moderately wounded.
You scratch Sigmund.
Sigmund is heavily wounded.
Sigmund casts a spell at you. You resist with significant effort.
You closely miss Sigmund.
Sigmund is heavily wounded.
Sigmund hits you with a +0 scythe.
You scratch Sigmund but do no damage.
Sigmund is heavily wounded.
Sigmund hits you with a +0 scythe.
You scratch Sigmund but do no damage.
Sigmund is heavily wounded.
You completely miss Sigmund.
Sigmund is heavily wounded.
Sigmund hits you with a +0 scythe!
You scratch Sigmund.
Sigmund is severely wounded.
Sigmund hits you with a +0 scythe.
* * * LOW HITPOINT WARNING * * *
You closely miss Sigmund.
Sigmund is severely wounded.
You scratch Sigmund but do no damage.
Sigmund is severely wounded.
Sigmund points at you and mumbles some strange words.
You are confused.
You miss Sigmund.
Sigmund is severely wounded.
Sigmund hits you with a +0 scythe!
You die...

#.#.#..#
#......#
#.#.#..#
##.##......#
.......>#..#
#######...#
#...###
#########'###
#......@....#
#.....@.....#
#....?......#
#...........#
#####.....###
#..#.#.#
.........
###.#.#..#


You could see Sigmund.

Vanquished Creatures
  An orc (D:4)
  A ball python (D:4)
  An endoplasm (D:4)
  A giant cockroach (D:4)
  A goblin (D:4)
5 creatures vanquished.

Notes
Turn   | Place    | Note
-------+----------+-------------------------------------------
     0 | D:5      | Zeldest the Troll Delver began the quest for the Orb.
     0 | D:5      | Reached XP level 1. HP: 22/22 MP: 0/0
   121 | D:4      | Found a shimmering altar of Xom.
   121 | D:4      | Found an iron altar of Okawaru.
   128 | D:4      | Became a worshipper of Warmaster Okawaru
   197 | D:3      | Noticed Sigmund
   212 | D:3      | Slain by Sigmund

Illustrated notes

Levels and vault maps discovered:
D:3:      layout_basic, mainiacjoe_overflow_boulevard, serial_glass,
          glass_columns_c, glass_columns_c, glass_columns_a, glass_columns_c,
          glass_columns_a, glass_columns_a, glass_columns_a, glass_columns_c,
          glass_columns_a, glass_columns_b, glass_columns_c, glass_columns_a,
          glass_columns_b, glass_columns_a, kennysheep_generic_room_2,
          uniq_pargi, uniq_sigmund, uniq_crazy_yiuf_cottage, uniq_natasha,
          uniq_ijyb
D:4:      layout_loops_ring, gammafunk_temple_overflow_pools, serial_shops,
          nicolae_take_the_stairs, kennysheep_another_room
D:5:      layout_loops_corners, mainiacjoe_overflow_catwalk,
          mainiacjoe_overflow_24_doors, kennysheep_donut, kennysheep_dice

Action                   || total
-------------------------++-------
Melee: Unarmed           ||    22
  Use: Scroll            ||     1
Armor: Robe              ||     2
Dodge: Dodged            ||     4
